 Dungeon Crawl Stone Soup version 0.29-a0-322-g68df515428 (webtiles) character file.

Game seed: 7231052892003741805

302 sanka the Covert (level 6, -1/51 HPs)
             Began as a Gnoll Wanderer on Apr 6, 2022.
             Was a Believer of Nemelex Xobeh.
             Slain by an orc
             ... wielding a +0 hand axe
              (3 damage)
             ... on level 4 of the Dungeon.
             The game lasted 00:05:20 (3423 turns).

sanka the Covert (Gnoll Wanderer)                   Turns: 3423, Time: 00:05:20

Health: -1/51      AC:  9    Str: 11    XL:     6   Next: 37%
Magic:  11/11      EV: 12    Int: 12    God:    Nemelex Xobeh [**....]
Gold:   56         SH:  0    Dex: 19    Spells: 10/11 levels left

rFire   . . .      SeeInvis .   b - +8 dire flail of the Fool {protect, Dex+6}
rCold   + . .      Faith    +   (shield currently unavailable)
rNeg    . . .      Spirit   .   d - +0 robe
rPois   .          Reflect  .   (no helmet)
rElec   .          Harm     .   (no cloak)
rCorr   .          Rampage  .   (no gloves)
Will    .....                   (no boots)
Stlth   +++++.....              u - amulet of faith
HPRegen 0.17/turn               (no ring)
MPRegen 0.12/turn               x - ring of protection from cold

@: under a protective aura
A: fangs 1, strong nose, distributed training
a: Renounce Religion, Draw Escape, Draw Destruction, Draw Summoning


You were on level 4 of the Dungeon.
You worshipped Nemelex Xobeh.
Nemelex Xobeh was pleased with you.
You visited 1 branch of the dungeon, and saw 4 of its levels.
You also visited: Ossuary.

You collected 245 gold pieces.
You spent 189 gold pieces at shops.


Innate Abilities, Weirdness & Mutations

You have very sharp teeth.
Your uncanny sense of smell can sniff out nearby items.
Your experience applies equally to all skills.


   Skills:
 + Level 5.0 Fighting
 + Level 1.9 Short Blades
 + Level 1.9 Long Blades
 + Level 1.9 Axes
 + Level 1.9 Maces & Flails
 + Level 1.9 Polearms
 + Level 1.9 Staves
 + Level 1.9 Slings
 + Level 1.9 Bows
 + Level 1.9 Crossbows
 + Level 1.9 Throwing
 + Level 1.9 Armour
 + Level 1.9 Dodging
 + Level 9.8 Stealth
 + Level 1.9 Shields
 + Level 1.9 Unarmed Combat
 + Level 3.4 Spellcasting
 + Level 1.5 Conjurations
 + Level 1.5 Hexes
 + Level 1.5 Summonings
 + Level 1.5 Necromancy
 + Level 1.5 Translocations
 + Level 1.5 Transmutations
 + Level 1.5 Fire Magic
 + Level 1.5 Ice Magic
 + Level 1.5 Air Magic
 + Level 1.5 Earth Magic
 + Level 4.1 Poison Magic
 + Level 2.1 Invocations
 + Level 1.9 Evocations


You had 10 spell levels left.
You knew the following spells:

 Your Spells              Type           Power      Damage    Failure   Level
z - Sting                 Tmut/Pois      32%        1d4       8%          1

Your spell library contained the following spells:

 Spells                   Type           Power      Damage    Failure   Level
 Shock                    Conj/Air       20%        1d4       13%         1
 Mephitic Cloud           Conj/Pois/Air  7%         N/A       26%         3
 Flame Wave               Conj/Fire      5%         2d5       77%         4
 Starburst                Conj/Fire      2%         6d3       100%        6
 Fire Storm               Conj/Fire      2%         8d1       100%        9

Inventory:

Hand Weapons
 a - a +3 dagger
 b - the +8 dire flail of the Fool (weapon) {protect, Dex+6}

   It grants its wielder temporary protection when it strikes (+7 to AC).
   Dex:       It affects your dexterity (+6).
Missiles
 n - 4 poisoned darts
 o - 5 javelins
 s - a throwing net {=f}
Armour
 d - a +0 robe (worn)
 D - a +2 pair of boots
Magical Staves
 z - a staff of poison
Jewellery
 u - an amulet of faith (around neck)
 x - a ring of protection from cold (right hand)
Scrolls
 c - 2 scrolls of teleportation {@r4}
 i - 6 scrolls of immolation {unknown}
 j - 2 scrolls of silence {unknown}
 m - a scroll of enchant armour {unknown}
 q - a scroll of torment {unknown}
 r - a scroll of brand weapon {unknown}
 t - 4 scrolls of identify {unknown}
 w - a scroll of holy word {unknown}
 y - 3 scrolls of fear
 A - 3 scrolls of summoning {unknown}
 B - 2 scrolls of fog {unknown}
 C - a scroll of magic mapping {unknown}
Potions
 e - 2 potions of curing {unknown}
 f - a potion of mutation {unknown}
 g - 2 potions of might {unknown}
 h - 2 potions of attraction {unknown}
 k - a potion of berserk rage {unknown}
 l - 4 potions of heal wounds {unknown}
 p - 3 potions of brilliance {unknown}
 v - 3 potions of haste {unknown}
 E - 2 potions of lignification {unknown}

Dungeon Overview and Level Annotations

Branches:
Dungeon (4/15)            Ossuary (visited)
 Temple: D:4-7

Altars:
Nemelex Xobeh

Shops:
D:2

( ▒.▒▒▒▒..▒▒▒▒ ▒▒▒.▒▒ ▒▒..).▒
.....▒▒▒▒▒▒▒)▒ ▒▒▒<.....▒▒▒.▒▒▒
▒.▒ ▒▒▒.▒▒▒▒.......▒ ▒.▒ ..▒.▒
▒▒▒▒▒...▒▒▒▒▒▒▒▒▒ ▒.▒▒▒▒▒ ..▒.▒
▒▒..........▒▒▒.....▒▒ ..▒.▒▒
▒▒..o▒.....▒▒.......▒ .....▒
▒▒.go.>...▒......... ..▒..▒
▒▒▒[▒▒).............. ..▒...▒
▒▒...▒▒...............
.▒▒.▒..▒▒▒▒▒..▒▒▒▒.....▒.........
.▒▒.▒▒....▒..▒▒ ▒.▒▒▒▒▒.........
.▒▒.▒ ▒▒▒.▒.▒▒ ▒.▒ ▒.........
.▒▒.▒ ▒▒...▒ ▒.▒ ▒......... ▒
▒.▒▒▒▒...<▒▒ ▒▒.▒ ▒.........
▒▒..)...▒▒..▒ ▒... ▒....£....


You could see an orc priest and an orc.


Message History

Pain shoots through your body!
* * * LOW HITPOINT WARNING * * *
The giant cockroach closely misses you. Something hits you but does no damage.
You feel less confused.
Unknown command.
You hit the giant cockroach.
The giant cockroach is severely wounded.
The giant cockroach closely misses you. The orc hits you but does no damage.
You puncture the giant cockroach!
You kill the giant cockroach!
The orc closely misses you.
You barely miss the orc priest. You bite the orc priest.
The orc priest is heavily wounded.
The orc hits you with a +0 hand axe.
* * * LOW HITPOINT WARNING * * *
The orc priest barely misses you.
You closely miss the orc priest.
The orc priest is heavily wounded.
The orc hits you with a +0 hand axe.
* * * LOW HITPOINT WARNING * * *
The orc priest hits you but does no damage.
The orc priest invokes the aid of Beogh against you.
Beogh smites you!
* * * LOW HITPOINT WARNING * * *
The orc hits you with a +0 hand axe.
You die...
Your body disappears without a glow.

Action                   |  1- 3 |  4- 6 || total
-------------------------+-------+-------++-------
Melee: Dagger            |    90 |    14 ||   104
       Bite              |     9 |     7 ||    16
       Punch             |     1 |       ||     1
       Dire flail        |       |    51 ||    51
 Cast: Sting             |     3 |     2 ||     5
Invok: Draw Destruction  |       |     1 ||     1
 Stab: Sleeping          |    18 |     8 ||    26
Armor: Robe              |    15 |    29 ||    44
Dodge: Dodged            |    48 |    35 ||    83

Levels and vault maps discovered:
D:1:      lemuel_arrival_lava_pool, layout_loops_ring, minmay_tiny_reverse_x
D:2:      layout_loops_cross, shapermc_ecumenical_altar_mp_highgroup,
          serial_shops, nicolae_square_shop
D:3:      layout_loops_ring
D:4:      layout_rooms, enter_ossuary_2, minmay_misc_feat_plants

Notes
Turn   | Place    | Note
-------+----------+-------------------------------------------
     0 | D:1      | Reached skill level 9 in Stealth
     0 | D:1      | sanka the Gnoll Wanderer began the quest for the Orb.
     0 | D:1      | sanka set off with the following items: a +3 dagger, a
                  | scroll of fear, a scroll of teleportation {@r4}, a +0 robe;
                  | and the following spell memorised: Sting; and the following
                  | spells available to memorise: Mephitic Cloud
     0 | D:1      | Reached XP level 1. HP: 20/20 MP: 4/4
   313 | D:1      | Reached XP level 2. HP: 26/26 MP: 5/5
   882 | D:1      | Reached XP level 3. HP: 31/31 MP: 7/7
  1568 | D:2      | Found a faded altar of an unknown god.
  1581 | D:2      | Reached skill level 1 in Invocations
  1584 | D:2      | Prayed at the altar of an unknown god.
  1584 | D:2      | Became a worshipper of Nemelex Xobeh the Trickster
  1584 | D:2      | Reached * piety under Nemelex Xobeh
  1978 | D:2      | Found Dean's Antique Weapon Emporium.
  2150 | D:3      | Received a gift from Nemelex Xobeh
  2173 | D:3      | Reached skill level 1 in Short Blades
  2173 | D:3      | Reached skill level 1 in Long Blades
  2173 | D:3      | Reached skill level 1 in Axes
  2173 | D:3      | Reached skill level 1 in Maces & Flails
  2173 | D:3      | Reached skill level 1 in Polearms
  2173 | D:3      | Reached skill level 1 in Staves
  2173 | D:3      | Reached skill level 1 in Slings
  2173 | D:3      | Reached skill level 1 in Bows
  2173 | D:3      | Reached skill level 1 in Crossbows
  2173 | D:3      | Reached skill level 1 in Throwing
  2173 | D:3      | Reached skill level 1 in Armour
  2173 | D:3      | Reached skill level 1 in Dodging
  2173 | D:3      | Reached skill level 1 in Shields
  2173 | D:3      | Reached skill level 1 in Unarmed Combat
  2173 | D:3      | Reached skill level 1 in Evocations
  2173 | D:3      | Reached XP level 4. HP: 38/38 MP: 8/8
  2611 | D:3      | Received a gift from Nemelex Xobeh
  2616 | D:3      | Reached ** piety under Nemelex Xobeh
  2840 | D:2      | Bought an ivory dire flail for 189 gold pieces
  2840 | D:2      | Identified the +8 dire flail of the Fool {protect, Dex+6}
                  | (You bought it in a shop on level 2 of the Dungeon)
  2923 | D:4      | Reached skill level 3 in Spellcasting
  2925 | D:4      | Reached skill level 1 in Conjurations
  2925 | D:4      | Reached skill level 1 in Hexes
  2925 | D:4      | Reached skill level 1 in Summonings
  2925 | D:4      | Reached skill level 1 in Necromancy
  2925 | D:4      | Reached skill level 1 in Translocations
  2925 | D:4      | Reached skill level 1 in Transmutations
  2925 | D:4      | Reached skill level 1 in Fire Magic
  2925 | D:4      | Reached skill level 1 in Ice Magic
  2925 | D:4      | Reached skill level 1 in Air Magic
  2925 | D:4      | Reached skill level 1 in Earth Magic
  2975 | D:4      | Noticed a scorpion
  2982 | D:4      | Killed a scorpion
  2983 | D:4      | Reached skill level 4 in Poison Magic
  2983 | D:4      | Reached XP level 5. HP: 35/43 MP: 6/9
  2993 | D:4      | Got the Almanac of Flames and Feathers
  3091 | D:4      | Found a sand-covered staircase.
  3097 | Ossuary  | Entered an ossuary
  3110 | Ossuary  | Reached skill level 2 in Invocations
  3110 | Ossuary  | Reached XP level 6. HP: 28/50 MP: 10/10
  3417 | D:4      | Reached skill level 5 in Fighting
  3423 | D:4      | HP: 2/51 [orc priest/divine providence (13)]
  3423 | D:4      | Slain by an orc

Vanquished Creatures
  A scorpion (D:4)
  A centaur zombie (Ossuary)
  2 orc wizards (D:4)
  4 mummies (Ossuary)
  4 gnolls (D:4)
  An adder (D:3)
  6 ball pythons
  4 endoplasms
  4 giant cockroaches
  2 goblins
  10 hobgoblins
  2 jackals (D:2)
  5 quokkas
  5 bats
  4 frilled lizards
  2 hobgoblin zombies (Ossuary)
  11 kobolds
  4 rats
72 creatures vanquished.
